 Dungeon Crawl Stone Soup version 0.30-a0-137-gd8773701ce (webtiles) character file.

Game seed: 4205470117321310107

185 testman the Chiller (level 5, -8/35 HPs)
             Began as a Merfolk Ice Elementalist on Sept 22, 2022.
             Mangled by a small abomination (10 damage)
             ... on level 3 of the Dungeon.
             The game lasted 00:13:09 (3442 turns).

testman the Chiller (Merfolk Ice Elementalist)      Turns: 3442, Time: 00:13:11

Health: -8/35      AC:  7    Str: 15    XL:     5   Next: 64%
Magic:  3/9        EV: 13    Int: 16    God:
Gold:   144        SH:  0    Dex: 20    Spells: 3/10 levels left

rFire   . . .      SeeInvis .    d - +2 sling (freeze)
rCold   . . .      Faith    .    (no shield)
rNeg    . . .      Spirit   .    a - +0 robe
rPois   .          Reflect  .    p - +1 helmet
rElec   .          Harm     .    (no cloak)
rCorr   .          Rampage  .    f - +0 pair of gloves
Will    .....                    y - +1 pair of boots
Stlth   ++........               w - amulet of magic regeneration
HPRegen 0.11/turn                e - +6 ring of strength
MPRegen 0.51/turn                t - +6 ring of dexterity

@: brilliant, freezing walls
A: (nimble swimmer 2), mertail
a: no special abilities


You were on level 3 of the Dungeon.
You visited 1 branch of the dungeon, and saw 4 of its levels.

You collected 144 gold pieces.

Inventory:

Hand Weapons
 c - a +0 whip
 d - a +2 sling of freezing (weapon)
Missiles
 i - 14 poisoned darts
 r - 6 curare-tipped darts
Armour
 a - a +0 robe (worn)
 f - a +0 pair of gloves (worn)
 p - a +1 helmet (worn)
 y - a +1 pair of boots (worn)
Jewellery
 e - a +6 ring of strength (left hand)
 t - a +6 ring of dexterity (right hand)
 w - an amulet of magic regeneration (around neck)
Scrolls
 g - a scroll of poison {unknown}
 h - a scroll of teleportation {unknown}
 l - a scroll of fog {unknown}
 o - a scroll of brand weapon {unknown}
 u - a scroll of blinking {unknown}
 v - a scroll of noise {unknown}
 x - a scroll of identify {unknown}
Potions
 b - a potion of magic
 j - 2 potions of curing
 k - a potion of brilliance
 m - a potion of lignification {unknown}
 n - a potion of invisibility {unknown}
 q - a potion of resistance {unknown}
 s - a potion of heal wounds {unknown}


   Skills:
 - Level 2.6 Dodging
 - Level 2.1 Stealth
 - Level 3.0 Spellcasting
 + Level 6.8 Ice Magic


You had 3 spell levels left.
You knew the following spells:

 Your Spells              Type           Power      Damage    Failure   Level
a - Freeze                Ice            100%       1d11      1%          1
b - Frozen Ramparts       Ice            72%        1d11      3%          3
c - Ozocubu's Armour      Ice            36%        N/A       3%          3

Your spell library contained the following spells:

 Spells                   Type           Power      Damage    Failure   Level
 Hailstorm                Conj/Ice       20%        3d6       41%         4


Dungeon Overview and Level Annotations

Branches:
Dungeon (4/15)
 Temple: D:4-7

Altars:
Gozag
Ru

Portals:
Abyss: D:3

Annotations:
D:3 1 transporter, Iusername's ghost, novice MiFi


Innate Abilities, Weirdness & Mutations

((You are very nimble when in or above water. (Stealth+, EV+, Speed+++)))
Your lower body shifts to a powerful aquatic tail in water.


Message History

It was a potion of curing.
You feel better.
The wall freezes the small abomination but does no damage. x2
The small abomination barely misses you.
The wall freezes the small abomination.
The small abomination hits you but does no damage.
The wall freezes the small abomination but does no damage.
The small abomination misses you.
It was a potion of brilliance.
You feel clever all of a sudden.
The wall freezes the small abomination.
The small abomination hits you but does no damage.
The wall freezes the small abomination.
The small abomination barely misses you.
The wall freezes the small abomination.
The small abomination closely misses you.
The wall freezes the small abomination but does no damage.
The small abomination barely misses you.
The wall freezes Iusername's ghost but does no damage.
Casting: Frozen Ramparts (dangerous; 3% risk of failure)
Confirm with . or Enter, or press ? or * to list all spells.
Aiming: Freeze (safe; 1% risk of failure)
Press: ? - help, Shift-Dir - straight line, f - small abomination
Aim: a small abomination (moderately damaged)
You feel a surge of power!
You freeze the small abomination.
The small abomination is moderately damaged.
The wall freezes the small abomination but does no damage.
The small abomination hits you!
* * * LOW HITPOINT WARNING * * *
The wall freezes the small abomination.
The small abomination closely misses you.
The wall freezes the small abomination!
The small abomination misses you.
The wall freezes Iusername's ghost!
You feel better.
The wall freezes the small abomination but does no damage.
The small abomination closely misses you.
The wall freezes the small abomination.
The small abomination misses you.
The wall freezes the small abomination.
The small abomination hits you!
* * * LOW HITPOINT WARNING * * *
The wall freezes the small abomination.
The small abomination hits you!
You die...

.......©#......#.##.#.#.......##.
........#####..###..###..####....
.........##### ...x. #...####....
....#........##..:.###...........
..(...........#.##.#......>......
.........###..##..©#.........#.#+
........##.##..#W#.##....#.###.#.
.......##^..#.##x#∩.##......##.#.
..###..##.#####x@x#..#...........
..##....##.....^.###x##..#..##.##
.........#©#...)##..x$#©....#<.#
#.##.....#.#.##...###.#.....#..#
#.###....##.####§##.###.....#..#
#.# #.....###..###..........#..#
#.###.......................#..##
.................................
..########.###..........#........


You could see 3 small abominations and Iusername's ghost.

Vanquished Creatures
  An orc priest (D:2)
  Robin (D:2)
  A gnoll (D:3)
  5 adders
  A worm (D:3)
  4 orcs (D:2)
  5 endoplasms
  3 giant cockroaches (D:1)
  13 goblins
  9 hobgoblins
  10 jackals
  4 kobolds
  5 quokkas
  2 ball pythons (D:1)
  7 bats
  5 frilled lizards
  3 rats
  A spectral goblin (D:2)
80 creatures vanquished.

Notes
Turn   | Place    | Note
-------+----------+-------------------------------------------
     0 | D:1      | testman the Merfolk Ice Elementalist began the quest for
                  | the Orb.
     0 | D:1      | Reached XP level 1. HP: 13/13 MP: 3/3
   232 | D:1      | Reached XP level 2. HP: 19/19 MP: 1/5
   589 | D:1      | Reached XP level 3. HP: 20/24 MP: 6/6
   798 | D:1      | Reached skill level 5 in Ice Magic
   801 | D:1      | Found a faded altar of an unknown god.
  1203 | D:2      | Learned a level 3 spell: Frozen Ramparts
  1207 | D:2      | Learned a level 3 spell: Ozocubu's Armour
  1318 | D:2      | Reached XP level 4. HP: 30/30 MP: 5/8
  1528 | D:2      | Reached skill level 6 in Ice Magic
  1856 | D:2      | Reached XP level 5. HP: 30/35 MP: 5/9
  1931 | D:2      | Found an opulent altar of Gozag.
  2056 | D:2      | Noticed Robin
  2073 | D:2      | Killed Robin
  2558 | D:3      | Found a transporter.
  2564 | D:3      | Noticed a small abomination
  2571 | D:3      | Found a transporter.
  2767 | D:3      | Noticed a small abomination
  3307 | D:3      | Found a sacrificial altar of Ru.
  3427 | D:3      | Noticed Iusername's ghost (novice MiFi)
  3427 | D:3      | Found a one-way gate to the infinite horrors of the Abyss.
  3442 | D:3      | Mangled by a small abomination

Illustrated notes

Levels and vault maps discovered:
D:1:      minmay_arrival_hallway, layout_loops_ring,
          dreamdust_ecumenical_altar_drowned_temple
D:2:      layout_basic, basic_altar, uniq_robin
D:3:      layout_basic, lemuel_coloured_pillars_altar,
          gammafunk_ghost_abyssal_escape, grunt_ministairs_2
D:4:      layout_loops_ring, minmay_misc_feat_columns

Skill      XL: |  1  2  3  4 |
---------------+-------------+-----
Ice Magic      | 5 6 |  6.8
Spellcasting   | 3 |  3.0
Dodging        | |  2.6
Stealth        | |  2.1

Action                   |  1- 3 |  4- 6 || total
-------------------------+-------+-------++-------
Melee: Whip              |    17 |       ||    17
 Fire: Sling             |    40 |    78 ||   118
 Cast: Freeze            |    24 |     6 ||    30
       Frozen Ramparts   |     1 |     9 ||    10
       Ozocubu's Armour  |       |     4 ||     4
  Use: Potion            |       |     3 ||     3
Armor: Robe              |    13 |    19 ||    32
Dodge: Dodged            |    51 |    36 ||    87

Table legend: (Time is in decaauts)
 A = Elapsed time spent in this place.
 B = Non-inter-level travel time spent in this place.
 C = Inter-level travel time spent in this place.
 D = Time resting spent in this place.
 E = Time spent auto-exploring this place.
 F = Levels seen in this place.
 G = Mean time per level.
                   A        B        C        D        E       F      G
               +--------+--------+--------+--------+--------+-----+--------+
         Total |   3481 |   3279 |    202 |    487 |   2256 |   4 |  870.2 |
       Dungeon |   3481 |   3279 |    202 |    487 |   2256 |   4 |  870.2 |
               +--------+--------+--------+--------+--------+-----+--------+

Top non-repeatable levels by time:
     D:2: 1394 daAuts
     D:1: 1129 daAuts
     D:3: 955 daAuts
     D:4: 1 daAuts
